Demolitions vs Monarchs

Created - March 3, 2020 at 20:41

Goals
1 2 3 T
Demolitions 4 0 2 6
Monarchs 0 2 2 4
Shots
1 2 3 T
Demolitions 14 6 7 27
Monarchs 9 8 15 32

1st period

1. Demolitions , Joshua Leivo 16 (J.T. Brown 27, Ryan Pulock 15) at 1:26
2. Demolitions , Christoph Bertschy 14 (Phil Di Giuseppe 13) at 2:22
3. Demolitions , Daultan Leveillé 21 (Spencer Machacek 55, Taylor Beck 25) at 9:07
4. Demolitions , Dennis Everberg 24 (Lane MacDermid 21, Robert Bortuzzo 17) at 16:53

Penalties :
No Penalty

2nd period

5. Monarchs , Nathan MacKinnon 7 (Griffin Reinhart 28, Tim Schaller 40) at 1:48
6. Monarchs , Nathan MacKinnon 8 (Tim Schaller 41) at 6:08

Penalties :
Zach Trotman (MAN) for Hooking (Minor) at 10:50, Tom Wilson (MAN) for High sticking (Minor) at 19:56

3rd period

7. Monarchs , Jimmy Hayes 25 (Griffin Reinhart 29, Nathan MacKinnon 12) at 1:22
8. Monarchs , Griffin Reinhart 5 (JT Compher 19) at 4:34
9. Demolitions , Spencer Machacek 34 (Taylor Beck 26, Daultan Leveillé 46) at 17:00
10. Demolitions , Aaron Palushaj 4 (Taylor Beck 27) at 19:55 (Empty Net)

Penalties :
Robert Bortuzzo (Vic) for Elbowing (Minor) at 0:05, Jared Staal (Vic) for Hooking (Minor) at 13:24, Brendan Lemieux (MAN) for Hooking (Minor) at 17:09

Goalie Stats

Alex Stalock (Vic), 28 saves from 32 shots - (0.875), W, 16-3-1, 60:00 minutes
Eric Comrie (MAN), 13 saves from 14 shots - (0.929), L, 21-13-1, 42:51 minutes
Jason Missiaen (MAN), 8 saves from 12 shots - (0.667), 16:53 minutes

Players Stats for Demolitions

Player Name              G  A  P  +/- PIM S  H  SB GA TA FO     MP     PP MP  PK MP  
------------------------------------------------------------------------------------
Aaron Palushaj           1  0  1   1  0   1  0  0  0  0  1/1     0:48   0:00   0:00 
Alex Hutchings           0  0  0   0  0   0  0  0  0  0  0/0     1:09   0:00   0:33 
Andrej Nestrasil         0  0  0   0  0   0  2  0  1  0  4/10   14:39   2:02   0:00 
Christoph Bertschy       1  0  1   0  0   2  0  0  1  0  2/4    10:33   0:00   0:25 
Colton Sceviour          0  0  0   0  0   0  0  0  0  0  0/0     0:00   0:00   0:00 
Daultan Leveillé         1  1  2   2  0   1  2  0  0  1  17/31  19:47   2:05   0:22 
Dennis Everberg          1  0  1   0  0   2  2  0  0  0  0/0    14:39   2:02   0:00 
J.T. Brown               0  1  1   1  0   2  0  0  1  0  0/0    11:42   0:00   0:00 
Jared Staal              0  0  0   0  2   0  3  0  0  0  0/1    10:08   0:00   0:00 
Joshua Leivo             1  0  1   1  0   2  2  0  0  0  0/0    11:42   0:00   0:00 
Lane MacDermid           0  1  1   0  0   4  3  0  0  0  1/1    15:30   2:02   0:22 
Michael Prapavessis      0  0  0  -1  0   0  0  0  0  0  0/0     4:42   0:00   0:00 
Mitch Callahan           0  0  0   0  0   0  0  0  0  0  0/0     1:05   0:00   0:33 
Nick Pryor               0  0  0  -1  0   0  0  2  0  0  0/0    13:57   0:00   0:02 
Phil Di Giuseppe         0  1  1   0  0   6  1  0  0  0  0/0    10:08   0:00   0:00 
Phil McRae               0  0  0   1  0   2  2  1  0  0  2/4    11:42   0:00   0:00 
Robert Bortuzzo          0  1  1   3  2   0  0  2  0  2  0/0    22:17   2:33   0:50 
Ryan Pulock              0  1  1   1  0   0  1  1  1  2  0/0    19:35   1:33   1:16 
Spencer Machacek         1  1  2   0  0   4  2  1  0  0  2/6    20:26   2:05   0:48 
Taylor Aronson           0  0  0   1  0   0  4  2  0  0  0/0    19:35   1:33   1:16 
Taylor Beck              0  3  3   1  0   0  2  1  0  0  0/0    21:31   2:05   1:13 
Taylor Leier             0  0  0   0  0   0  0  0  0  0  0/0     0:00   0:00   0:00 
Tommy Vannelli           0  0  0   0  0   0  0  2  0  0  0/0    12:41   0:00   0:00 
Tyler Graovac            0  0  0   0  0   0  0  0  0  0  0/0     0:00   0:00   0:00 
Wiley Sherman            0  0  0   1  0   1  0  2  1  1  0/0    27:44   2:34   0:52 

Players Stats for Monarchs

Player Name              G  A  P  +/- PIM S  H  SB GA TA FO     MP     PP MP  PK MP  
------------------------------------------------------------------------------------
Aaron Ekblad             0  0  0   0  0   3  0  1  0  0  0/0    22:10   0:32   1:55 
Anthony Mantha           0  0  0   0  0   3  1  0  1  0  0/1    20:50   1:18   1:01 
Brendan Lemieux          0  0  0  -1  2   2  1  0  0  0  0/0    15:00   0:50   0:00 
Chase De Leo             0  0  0  -3  0   0  0  0  0  0  0/4     8:28   0:00   0:00 
Chris Tierney            0  0  0   0  0   0  1  0  0  0  4/16   15:47   0:50   2:07 
Curtis Lazar             0  0  0   0  0   0  1  0  0  1  6/10   13:23   0:00   0:00 
Griffin Reinhart         1  2  3  -1  0   3  0  0  0  1  0/0    15:13   1:31   0:17 
Jimmy Hayes              1  0  1  -2  0   3  0  1  0  0  0/0    10:00   0:00   0:59 
John Draeger             0  0  0  -1  0   0  0  2  0  0  0/0     8:39   0:00   2:12 
JT Compher               0  1  1   0  0   0  0  0  2  0  1/1    13:58   1:09   0:00 
Luke Witkowski           0  0  0   0  0   1  0  0  0  1  2/3    15:30   0:00   2:07 
Mark Pysyk               0  0  0  -1  0   1  4  0  1  0  0/0    22:39   0:00   2:12 
Morgan Rielly            0  0  0   0  0   2  1  1  0  0  0/0    15:04   1:22   0:00 
Nathan MacKinnon         2  1  3   1  0   4  1  0  1  0  14/20  19:06   1:18   0:00 
Nicolas Deslauriers      0  0  0  -3  0   2  1  0  0  0  0/0     9:48   0:00   0:59 
Roman Josi               0  0  0   0  0   1  0  1  0  0  0/0    14:29   0:00   0:47 
Tim Schaller             0  2  2   1  0   2  0  0  1  2  2/2    17:30   0:00   1:01 
Tom Wilson               0  0  0   0  2   4  2  0  0  0  0/1    14:20   0:59   0:00 
Tony DeAngelo            0  0  0  -2  0   0  0  0  0  0  0/0    13:06   0:37   0:00 
Zach Trotman             0  0  0   1  2   1  0  1  0  0  0/0     9:00   0:14   0:51 

3 Stars

1 - Nathan MacKinnon (MAN)
2 - Daultan Leveillé (Vic)
3 - Taylor Beck (Vic)

Power Play

Demolitions - 0 on 3 Attempt(s) - 0.00%
Monarchs - 0 on 2 Attempt(s) - 0.00%

Penalty Kill

Demolitions - 2 on 2 Attempt(s) - 100.00% - Score 0 goal in Penalty Kill
Monarchs - 3 on 3 Attempt(s) - 100.00% - Score 0 goal in Penalty Kill

Team Stat

Demolitions - Hits : 26 - Faceoff Wins : 29 - Blocked Shots : 14 - Penalty Minutes : 4
Monarchs - Hits : 13 - Faceoff Wins : 29 - Blocked Shots : 7 - Penalty Minutes : 6

Official

Referees : Unknown
Linesman : Unknown

Game Notes

Eric Comrie enters game at 16:53 of 1st period
Aaron Palushaj has scored in a empty net!

Finance

Level 1 -- Attendance: 2000 (100.00%) -- Ticket Income $50,000
Level 2 -- Attendance: 975 (97.50%) -- Ticket Income $9,750
Total Attendance: 2975 (99.17%)
Total Ticket Income: $59,750
Other Income: $2,988
Total Income: $62,738

Demolitions

5 vs 5 Forward 
   Center                   Left Wing                Right Wing               Time % Phy DF OF 
 1 Daultan Leveillé         Taylor Beck              Spencer Machacek         40     1   2  2  
 2 Andrej Nestrasil         Lane MacDermid           Dennis Everberg          30     1   2  2  
 3 Phil McRae               Joshua Leivo             J.T. Brown               20     1   2  2  
 4 Christoph Bertschy       Phil Di Giuseppe         Jared Staal              10     1   2  2  

5 vs 5 Defense 
   Defense                  Defense                                           Time % Phy DF OF 
 1 Wiley Sherman            Robert Bortuzzo                                   40     1   2  2  
 2 Ryan Pulock              Taylor Aronson                                    30     1   2  2  
 3 Nick Pryor               Tommy Vannelli                                    20     1   2  2  
 4 Michael Prapavessis      Wiley Sherman                                     10     1   2  2  

PowerPlay Forward 
   Center                   Left Wing                Right Wing               Time % Phy DF OF 
 1 Daultan Leveillé         Taylor Beck              Spencer Machacek         60     1   2  2  
 2 Andrej Nestrasil         Lane MacDermid           Dennis Everberg          40     1   2  2  

PowerPlay Defense
   Defense                  Defense                                           Time % Phy DF OF 
 1 Wiley Sherman            Robert Bortuzzo                                   60     1   2  2  
 2 Ryan Pulock              Taylor Aronson                                    40     1   2  2  

Penalty Kill 4 Players Forward 
   Center                   Wing                     Time % Phy DF OF 
 1 Spencer Machacek         Taylor Beck              60     1   2  2  
 2 Daultan Leveillé         Lane MacDermid           40     1   2  2  

Penalty Kill 4 Players Defense
   Defense                  Defense                  Time % Phy DF OF 
 1 Wiley Sherman            Robert Bortuzzo          60     1   2  2  
 2 Ryan Pulock              Taylor Aronson           40     1   2  2  

Penalty Kill - 3 Players Forward 
   Forward                                           Time % Phy DF OF 
 1 Spencer Machacek                                  60     1   2  2  
 2 Taylor Beck                                       40     1   2  2  

Penalty Kill - 3 Players Defense
   Defense                  Defense                  Time % Phy DF OF 
 1 Wiley Sherman            Robert Bortuzzo          60     1   2  2  
 2 Ryan Pulock              Taylor Aronson           40     1   2  2  

4 vs 4 Forward 
   Center                   Wing                     Time % Phy DF OF 
 1 Spencer Machacek         Taylor Beck              60     1   2  2  
 2 Daultan Leveillé         Lane MacDermid           40     1   2  2  

4 vs 4 Defense
   Defense                  Defense                  Time % Phy DF OF 
 1 Wiley Sherman            Robert Bortuzzo          60     1   2  2  
 2 Ryan Pulock              Taylor Aronson           40     1   2  2  

Last Minutes Offensive
   Center                   Left Wing                Right Wing               Defense                  Defense                  
   Daultan Leveillé         Taylor Beck              Spencer Machacek         Wiley Sherman            Robert Bortuzzo          

Last Minutes Defensive
   Center                   Left Wing                Right Wing               Defense                  Defense                  
   Daultan Leveillé         Taylor Beck              Spencer Machacek         Wiley Sherman            Robert Bortuzzo          

Goaltenders
Starting : Alex Stalock             
Backup : Antti Raanta             

Extra Forwards
Normal : Aaron Palushaj, Alex Hutchings, Mitch Callahan - PP : Aaron Palushaj, Alex Hutchings - PK : Mitch Callahan
Extra Defensemen
Normal : Nick Pryor, Tommy Vannelli, Michael Prapavessis - PP : Nick Pryor - PK : Tommy Vannelli, Michael Prapavessis
Penalty Shots
Spencer Machacek, Taylor Beck, Daultan Leveillé, Lane MacDermid, Dennis Everberg

Scratches
Thomas DiPauli (Healthy), Jake Muzzin (Back Injury), Nikita Tryamkin (Right Hip Injury), Jaedon Descheneau (Healthy), Jake Paterson (Healthy)
Francois Tremblay (Healthy), Brandon Halverson (Healthy)

Monarchs

5 vs 5 Forward 
   Center                   Left Wing                Right Wing               Time % Phy DF OF 
 1 Nathan MacKinnon         Tim Schaller             Anthony Mantha           35     1   2  2  
 2 Chris Tierney            JT Compher               Tom Wilson               30     1   2  2  
 3 Curtis Lazar             Brendan Lemieux          Luke Witkowski           30     1   2  2  
 4 Chase De Leo             Nicolas Deslauriers      Jimmy Hayes              5      1   2  2  

5 vs 5 Defense 
   Defense                  Defense                                           Time % Phy DF OF 
 1 Mark Pysyk               Aaron Ekblad                                      35     1   3  1  
 2 Roman Josi               Morgan Rielly                                     30     0   2  3  
 3 Tony DeAngelo            Griffin Reinhart                                  25     0   3  2  
 4 John Draeger             Zach Trotman                                      10     2   3  0  

PowerPlay Forward 
   Center                   Left Wing                Right Wing               Time % Phy DF OF 
 1 Nathan MacKinnon         JT Compher               Anthony Mantha           60     1   0  4  
 2 Chris Tierney            Brendan Lemieux          Tom Wilson               40     1   0  4  

PowerPlay Defense
   Defense                  Defense                                           Time % Phy DF OF 
 1 Aaron Ekblad             Tony DeAngelo                                     60     0   3  2  
 2 Griffin Reinhart         Morgan Rielly                                     40     0   3  2  

Penalty Kill 4 Players Forward 
   Center                   Wing                     Time % Phy DF OF 
 1 Chris Tierney            Luke Witkowski           60     1   3  1  
 2 Jimmy Hayes              Nicolas Deslauriers      40     1   3  1  

Penalty Kill 4 Players Defense
   Defense                  Defense                  Time % Phy DF OF 
 1 John Draeger             Mark Pysyk               60     1   4  0  
 2 Zach Trotman             Aaron Ekblad             40     1   4  0  

Penalty Kill - 3 Players Forward 
   Forward                                           Time % Phy DF OF 
 1 Chris Tierney                                     60     1   3  1  
 2 Jimmy Hayes                                       40     1   3  1  

Penalty Kill - 3 Players Defense
   Defense                  Defense                  Time % Phy DF OF 
 1 John Draeger             Mark Pysyk               60     1   4  0  
 2 Aaron Ekblad             Zach Trotman             40     1   4  0  

4 vs 4 Forward 
   Center                   Wing                     Time % Phy DF OF 
 1 Nathan MacKinnon         Anthony Mantha           60     1   2  2  
 2 Chris Tierney            JT Compher               40     1   2  2  

4 vs 4 Defense
   Defense                  Defense                  Time % Phy DF OF 
 1 Aaron Ekblad             Mark Pysyk               60     1   2  2  
 2 Zach Trotman             Griffin Reinhart         40     1   2  2  

Last Minutes Offensive
   Center                   Left Wing                Right Wing               Defense                  Defense                  
   Nathan MacKinnon         JT Compher               Jimmy Hayes              Aaron Ekblad             Morgan Rielly            

Last Minutes Defensive
   Center                   Left Wing                Right Wing               Defense                  Defense                  
   Chris Tierney            Nicolas Deslauriers      Luke Witkowski           Mark Pysyk               Zach Trotman             

Goaltenders
Starting : Jason Missiaen           
Backup : Eric Comrie              

Extra Forwards
Normal : Jimmy Hayes, Anthony Mantha, Nathan MacKinnon - PP : Jimmy Hayes, Tim Schaller - PK : Anthony Mantha
Extra Defensemen
Normal : Mark Pysyk, Aaron Ekblad, Morgan Rielly - PP : Zach Trotman - PK : Roman Josi, Griffin Reinhart
Penalty Shots
JT Compher, Anthony Mantha, Nathan MacKinnon, Jimmy Hayes, Morgan Rielly

Scratches
Cedric Paquette (Healthy), Michael Latta (Herniated Disc Injury), Mike Hoffman (Healthy), Joel Vermin (Healthy), Artturi Lehkonen (Healthy)
Michael McCarron (Healthy), Jeff Petry (Healthy), Anthony Peluso (Healthy), Gustav Forsling (Healthy)

% Time on Ice - Demolitions

Lines # - Real PCT - Wanted PCT - Time Play
Normal Forward
1 - 33% - 40% - 16:40
2 - 25% - 30% - 12:38
3 - 23% - 20% - 11:42
4 - 20% - 10% - 10:08
Normal Defense
1 - 36% - 40% - 18:22
2 - 32% - 30% - 16:10
3 - 23% - 20% - 11:54
4 - 9% - 10% - 4:42
PP Forward
1 - 51% - 60% - 2:05
2 - 49% - 40% - 2:02
PP Defense
1 - 62% - 60% - 2:34
2 - 38% - 40% - 1:33
PK Forward
1 - 83% - 60% - 1:46
2 - 17% - 40% - 0:22
PK Defense
1 - 41% - 60% - 0:52
2 - 59% - 40% - 1:16
PK3 Forward
1 - 0% - 60%
2 - 0% - 40%
PK3 Defense
1 - 0% - 60%
2 - 0% - 40%
44 Forward
1 - 75% - 60% - 1:22
2 - 25% - 40% - 0:28
44 Defense
1 - 67% - 60% - 1:14
2 - 33% - 40% - 0:36
Last Minute Offensive  - 0:00
Last Minute Defensive  - 0:47
Total
Forward - 60:00
Defense - 60:00

% Time on Ice - Monarchs

Lines # - Real PCT - Wanted PCT - Time Play
Normal Forward
1 - 33% - 35% - 17:17
2 - 25% - 30% - 12:47
3 - 26% - 30% - 13:23
4 - 16% - 5% - 8:28
Normal Defense
1 - 38% - 35% - 19:35
2 - 28% - 30% - 14:42
3 - 23% - 25% - 11:58
4 - 11% - 10% - 5:40
PP Forward
1 - 61% - 60% - 1:18
2 - 39% - 40% - 0:50
PP Defense
1 - 29% - 60% - 0:37
2 - 71% - 40% - 1:31
PK Forward
1 - 76% - 60% - 3:08
2 - 24% - 40% - 0:59
PK Defense
1 - 53% - 60% - 2:12
2 - 47% - 40% - 1:55
PK3 Forward
1 - 0% - 60%
2 - 0% - 40%
PK3 Defense
1 - 0% - 60%
2 - 0% - 40%
44 Forward
1 - 78% - 60% - 1:26
2 - 22% - 40% - 0:24
44 Defense
1 - 75% - 60% - 1:23
2 - 25% - 40% - 0:27
Last Minute Offensive  - 0:00
Last Minute Defensive  - 0:00
Total
Forward - 60:00
Defense - 60:00

Play-by-Play

1st period


0:01 of 1st period - Daultan Leveillé wins face-off versus Nathan MacKinnon in neutral zone.
0:03 of 1st period - Off-side.
0:04 of 1st period - Nathan MacKinnon wins face-off versus Daultan Leveillé in neutral zone.
0:52 of 1st period - Snap shot by Phil Di Giuseppe.
0:52 of 1st period - Stopped by Jason Missiaen without a rebound.
0:53 of 1st period - Curtis Lazar wins face-off versus Jared Staal in Monarchs zone.
1:22 of 1st period - Snap shot by Joshua Leivo.
1:22 of 1st period - Shot Misses the Net.
1:24 of 1st period - Snap shot by Joshua Leivo.
1:24 of 1st period - Shot Blocked by Roman Josi.
1:26 of 1st period - Slapshot by Joshua Leivo.
1:26 of 1st period - Goal by Joshua Leivo - Demolitions : 1 - Monarchs : 0.
1:27 of 1st period - Daultan Leveillé wins face-off versus Chris Tierney in neutral zone.
1:38 of 1st period - Wrist shot by Daultan Leveillé.
1:38 of 1st period - Shot Hit the Post.
2:11 of 1st period - Anthony Mantha is hit by Phil Di Giuseppe and loses puck.
2:22 of 1st period - Wrist shot by Christoph Bertschy.
2:22 of 1st period - Goal by Christoph Bertschy - Demolitions : 2 - Monarchs : 0.
2:23 of 1st period - Curtis Lazar wins face-off versus Daultan Leveillé in neutral zone.
2:36 of 1st period - Snap shot by Daultan Leveillé.
2:36 of 1st period - Shot Misses the Net.
2:55 of 1st period - Wrist shot by Phil McRae.
2:55 of 1st period - Stopped by Jason Missiaen without a rebound.
2:56 of 1st period - Nathan MacKinnon wins face-off versus Andrej Nestrasil in Monarchs zone.
3:13 of 1st period - Roman Josi is hit by Lane MacDermid and loses puck.
3:24 of 1st period - Snap shot by Spencer Machacek.
3:24 of 1st period - Deflect By Daultan Leveillé.
3:24 of 1st period - Shot Misses the Net.
3:24 of 1st period - Puck is out of play.
3:25 of 1st period - Daultan Leveillé wins face-off versus Curtis Lazar in Monarchs zone.
4:34 of 1st period - Slapshot by Phil Di Giuseppe.
4:34 of 1st period - Shot Misses the Net.
4:36 of 1st period - Slapshot by Christoph Bertschy.
4:36 of 1st period - Shot Misses the Net.
4:48 of 1st period - Griffin Reinhart is hit by Jared Staal and loses puck.
5:07 of 1st period - Wrist shot by Spencer Machacek.
5:07 of 1st period - Stopped by Jason Missiaen with a rebound.
5:12 of 1st period - Off-side.
5:13 of 1st period - Phil McRae wins face-off versus Curtis Lazar in neutral zone.
5:18 of 1st period - J.T. Brown is hit by Morgan Rielly and loses puck.
5:23 of 1st period - Snap shot by Luke Witkowski.
5:23 of 1st period - Shot Blocked by Phil McRae.
5:25 of 1st period - Slapshot by Morgan Rielly.
5:25 of 1st period - Stopped by Alex Stalock with a rebound.
5:27 of 1st period - Slapshot by Roman Josi.
5:27 of 1st period - Stopped by Alex Stalock without a rebound.
5:28 of 1st period - Daultan Leveillé wins face-off versus Tom Wilson in Demolitions zone.
5:28 of 1st period - Daultan Leveillé is hit by Mark Pysyk.
6:05 of 1st period - Anthony Mantha is hit by Dennis Everberg and loses puck.
6:20 of 1st period - Slapshot by Phil McRae.
6:20 of 1st period - Shot Misses the Net.
6:38 of 1st period - Backhand shot by Jimmy Hayes.
6:38 of 1st period - Deflect By Nicolas Deslauriers.
6:38 of 1st period - Stopped by Alex Stalock without a rebound.
6:39 of 1st period - Christoph Bertschy wins face-off versus Chase De Leo in Demolitions zone.
6:46 of 1st period - Slapshot by Ryan Pulock.
6:46 of 1st period - Shot Blocked by Jimmy Hayes.
6:48 of 1st period - Wrist shot by Christoph Bertschy.
6:48 of 1st period - Stopped by Jason Missiaen with a rebound.
7:33 of 1st period - Wrist shot by Brendan Lemieux.
7:33 of 1st period - Shot Misses the Net.
7:47 of 1st period - Slapshot by Phil Di Giuseppe.
7:47 of 1st period - Stopped by Jason Missiaen without a rebound.
7:48 of 1st period - Tim Schaller wins face-off versus Daultan Leveillé in Monarchs zone.
7:57 of 1st period - Wrist shot by Nathan MacKinnon.
7:57 of 1st period - Stopped by Alex Stalock with a rebound.
8:52 of 1st period - Snap shot by Jimmy Hayes.
8:52 of 1st period - Stopped by Alex Stalock without a rebound.
8:53 of 1st period - Daultan Leveillé wins face-off versus Chase De Leo in Demolitions zone.
9:07 of 1st period - Snap shot by Daultan Leveillé.
9:07 of 1st period - Goal by Daultan Leveillé - Demolitions : 3 - Monarchs : 0.
9:08 of 1st period - Daultan Leveillé wins face-off versus Nathan MacKinnon in neutral zone.
9:15 of 1st period - Griffin Reinhart is hit by Spencer Machacek and loses puck.
10:11 of 1st period - Wrist shot by Joshua Leivo.
10:11 of 1st period - Shot Misses the Net.
10:18 of 1st period - Icing by Roman Josi.
10:19 of 1st period - Daultan Leveillé wins face-off versus Nathan MacKinnon in Monarchs zone.
10:26 of 1st period - Slapshot by Spencer Machacek.
10:26 of 1st period - Stopped by Jason Missiaen with a rebound.
10:28 of 1st period - Slapshot by Spencer Machacek.
10:28 of 1st period - Stopped by Jason Missiaen without a rebound.
10:29 of 1st period - Nathan MacKinnon wins face-off versus Daultan Leveillé in Monarchs zone.
10:34 of 1st period - Wrist shot by Tim Schaller.
10:34 of 1st period - Stopped by Alex Stalock with a rebound.
10:56 of 1st period - Chris Tierney is hit by Andrej Nestrasil and loses puck.
11:40 of 1st period - Off-side.
11:41 of 1st period - Nathan MacKinnon wins face-off versus Christoph Bertschy in neutral zone.
12:04 of 1st period - Wrist shot by Phil Di Giuseppe.
12:04 of 1st period - Deflect By Jared Staal.
12:04 of 1st period - Shot Misses the Net.
12:04 of 1st period - Puck is out of play.
12:05 of 1st period - Chris Tierney wins face-off versus Daultan Leveillé in Monarchs zone.
12:10 of 1st period - Zach Trotman is hit by Daultan Leveillé and loses puck.
12:16 of 1st period - Off-side.
12:17 of 1st period - Daultan Leveillé wins face-off versus Chris Tierney in neutral zone.
13:07 of 1st period - Joshua Leivo is hit by Mark Pysyk and loses puck.
13:25 of 1st period - Off-side.
13:26 of 1st period - Christoph Bertschy wins face-off versus Chase De Leo in neutral zone.
13:51 of 1st period - Spencer Machacek is hit by Nathan MacKinnon and loses puck.
14:39 of 1st period - Snap shot by Tom Wilson.
14:39 of 1st period - Stopped by Alex Stalock without a rebound.
14:40 of 1st period - Nathan MacKinnon wins face-off versus Andrej Nestrasil in Demolitions zone.
15:14 of 1st period - Wrist shot by Spencer Machacek.
15:14 of 1st period - Shot Blocked by Aaron Ekblad.
15:17 of 1st period - Icing by Mark Pysyk.
15:18 of 1st period - Lane MacDermid wins face-off versus Chris Tierney in Monarchs zone.
15:21 of 1st period - Wrist shot by Lane MacDermid.
15:21 of 1st period - Stopped by Jason Missiaen without a rebound.
15:22 of 1st period - Curtis Lazar wins face-off versus Andrej Nestrasil in Monarchs zone.
15:47 of 1st period - Robert Bortuzzo is hit by Anthony Mantha and loses puck.
16:18 of 1st period - Phil Di Giuseppe is hit by Mark Pysyk and loses puck.
16:51 of 1st period - Slapshot by Dennis Everberg.
16:51 of 1st period - Shot Misses the Net.
16:53 of 1st period - Snap shot by Dennis Everberg.
16:53 of 1st period - Goal by Dennis Everberg - Demolitions : 4 - Monarchs : 0.
16:53 of 1st period - Eric Comrie enters game.
16:54 of 1st period - Curtis Lazar wins face-off versus Spencer Machacek in neutral zone.
17:23 of 1st period - Wrist shot by Andrej Nestrasil.
17:23 of 1st period - Shot Misses the Net.
17:25 of 1st period - Snap shot by Lane MacDermid.
17:25 of 1st period - Stopped by Eric Comrie with a rebound.
17:27 of 1st period - Slapshot by Robert Bortuzzo.
17:27 of 1st period - Shot Misses the Net.
17:29 of 1st period - Slapshot by Robert Bortuzzo.
17:29 of 1st period - Shot Misses the Net.
17:31 of 1st period - Slapshot by Wiley Sherman.
17:31 of 1st period - Shot Blocked by John Draeger.
17:51 of 1st period - Slapshot by Tom Wilson.
17:51 of 1st period - Stopped by Alex Stalock with a rebound.
18:34 of 1st period - Slapshot by Phil Di Giuseppe.
18:34 of 1st period - Stopped by Eric Comrie with a rebound.
18:36 of 1st period - Slapshot by Tommy Vannelli.
18:36 of 1st period - Shot Blocked by Morgan Rielly.
18:44 of 1st period - Wrist shot by Christoph Bertschy.
18:44 of 1st period - Shot Misses the Net.
18:46 of 1st period - Slapshot by Nick Pryor.
18:46 of 1st period - Deflect By Jared Staal.
18:46 of 1st period - Shot Misses the Net.
18:46 of 1st period - Puck is out of play.
18:47 of 1st period - Nathan MacKinnon wins face-off versus Daultan Leveillé in Monarchs zone.
19:43 of 1st period - Snap shot by Joshua Leivo.
19:43 of 1st period - Shot Misses the Net.
19:45 of 1st period - Slapshot by J.T. Brown.
19:45 of 1st period - Shot Misses the Net.
19:55 of 1st period - Wrist shot by Nathan MacKinnon.
19:55 of 1st period - Shot Blocked by Taylor Aronson.
19:57 of 1st period - Wrist shot by Anthony Mantha.
19:57 of 1st period - Stopped by Alex Stalock with a rebound.
Goals for this period are 4 for Demolitions vs 0 for Monarchs .
Shots for this period are 14 for Demolitions vs 9 for Monarchs .

2nd period


0:01 of 2nd period - Daultan Leveillé wins face-off versus Nathan MacKinnon in neutral zone.
0:07 of 2nd period - Icing by Nathan MacKinnon.
0:08 of 2nd period - Nathan MacKinnon wins face-off versus Daultan Leveillé in Monarchs zone.
0:08 of 2nd period - Nathan MacKinnon is hit by Spencer Machacek.
0:28 of 2nd period - Snap shot by Spencer Machacek.
0:28 of 2nd period - Shot Misses the Net.
1:18 of 2nd period - Snap shot by Daultan Leveillé.
1:18 of 2nd period - Shot Misses the Net.
1:42 of 2nd period - Slapshot by Tim Schaller.
1:42 of 2nd period - Shot Misses the Net.
1:44 of 2nd period - Wrist shot by Nathan MacKinnon.
1:44 of 2nd period - Shot Misses the Net.
1:46 of 2nd period - Slapshot by Griffin Reinhart.
1:46 of 2nd period - Stopped by Alex Stalock with a rebound.
1:48 of 2nd period - Snap shot by Nathan MacKinnon.
1:48 of 2nd period - Goal by Nathan MacKinnon - Demolitions : 4 - Monarchs : 1.
1:49 of 2nd period - Andrej Nestrasil wins face-off versus Chris Tierney in neutral zone.
2:14 of 2nd period - J.T. Brown is hit by Brendan Lemieux and loses puck.
4:49 of 2nd period - Tim Schaller is hit by Joshua Leivo and loses puck.
6:08 of 2nd period - Slapshot by Nathan MacKinnon.
6:08 of 2nd period - Goal by Nathan MacKinnon - Demolitions : 4 - Monarchs : 2.
6:09 of 2nd period - Daultan Leveillé wins face-off versus Chris Tierney in neutral zone.
6:34 of 2nd period - Luke Witkowski is hit by Dennis Everberg and loses puck.
6:39 of 2nd period - Snap shot by Lane MacDermid.
6:39 of 2nd period - Stopped by Eric Comrie with a rebound.
6:57 of 2nd period - Nathan MacKinnon is hit by Phil McRae and loses puck.
7:25 of 2nd period - Chris Tierney is hit by Jared Staal and loses puck.
7:49 of 2nd period - Snap shot by Nicolas Deslauriers.
7:49 of 2nd period - Shot Misses the Net.
7:59 of 2nd period - Snap shot by Luke Witkowski.
7:59 of 2nd period - Shot Blocked by Nick Pryor.
8:01 of 2nd period - Slapshot by Brendan Lemieux.
8:01 of 2nd period - Stopped by Alex Stalock with a rebound.
8:07 of 2nd period - Slapshot by Brendan Lemieux.
8:07 of 2nd period - Shot Blocked by Tommy Vannelli.
8:19 of 2nd period - Snap shot by Tom Wilson.
8:19 of 2nd period - Shot Misses the Net.
8:23 of 2nd period - Slapshot by Tom Wilson.
8:23 of 2nd period - Shot Misses the Net.
8:25 of 2nd period - Slapshot by Aaron Ekblad.
8:25 of 2nd period - Deflect By JT Compher.
8:25 of 2nd period - Shot Misses the Net.
8:25 of 2nd period - Puck is out of play.
8:26 of 2nd period - Spencer Machacek wins face-off versus Chris Tierney in Demolitions zone.
9:47 of 2nd period - Snap shot by Phil McRae.
9:47 of 2nd period - Deflect By Joshua Leivo.
9:47 of 2nd period - Shot Misses the Net.
9:47 of 2nd period - Puck is out of play.
9:48 of 2nd period - Nathan MacKinnon wins face-off versus Daultan Leveillé in Monarchs zone.
10:38 of 2nd period - Snap shot by J.T. Brown.
10:38 of 2nd period - Deflect By Phil McRae.
10:38 of 2nd period - Stopped by Eric Comrie with a rebound.
10:40 of 2nd period - Wrist shot by J.T. Brown.
10:40 of 2nd period - Shot Blocked by Zach Trotman.
10:42 of 2nd period - Snap shot by Joshua Leivo.
10:42 of 2nd period - Shot Misses the Net.
10:44 of 2nd period - Slapshot by Wiley Sherman.
10:44 of 2nd period - Stopped by Eric Comrie with a rebound.
10:50 of 2nd period - Minor Penalty to Zach Trotman for Hooking.
10:51 of 2nd period - Daultan Leveillé wins face-off versus Chris Tierney in Monarchs zone.
11:00 of 2nd period - Slapshot by Taylor Beck.
11:00 of 2nd period - Shot Misses the Net.
12:42 of 2nd period - Nicolas Deslauriers is hit by Andrej Nestrasil and loses puck.
12:50 of 2nd period - Penalty to Zach Trotman is over, Zach Trotman is back on ice.
13:02 of 2nd period - Snap shot by Jimmy Hayes.
13:02 of 2nd period - Shot Misses the Net.
13:23 of 2nd period - Griffin Reinhart is hit by Jared Staal and loses puck.
13:35 of 2nd period - Off-side.
13:36 of 2nd period - Curtis Lazar wins face-off versus Phil McRae in neutral zone.
14:06 of 2nd period - Wrist shot by JT Compher.
14:06 of 2nd period - Shot Blocked by Taylor Beck.
14:08 of 2nd period - Wrist shot by Tom Wilson.
14:08 of 2nd period - Shot Misses the Net.
14:40 of 2nd period - Slapshot by Phil Di Giuseppe.
14:40 of 2nd period - Stopped by Eric Comrie with a rebound.
15:00 of 2nd period - Snap shot by Phil McRae.
15:00 of 2nd period - Deflect By J.T. Brown.
15:00 of 2nd period - Shot Blocked by John Draeger.
15:00 of 2nd period - Puck is out of play.
15:01 of 2nd period - Curtis Lazar wins face-off versus Phil McRae in Monarchs zone.
15:01 of 2nd period - Curtis Lazar is hit by Taylor Aronson.
15:09 of 2nd period - Backhand shot by Brendan Lemieux.
15:09 of 2nd period - Shot Misses the Net.
15:11 of 2nd period - Slapshot by Brendan Lemieux.
15:11 of 2nd period - Stopped by Alex Stalock with a rebound.
15:13 of 2nd period - Snap shot by Luke Witkowski.
15:13 of 2nd period - Stopped by Alex Stalock without a rebound.
15:14 of 2nd period - Nathan MacKinnon wins face-off versus Daultan Leveillé in Demolitions zone.
15:17 of 2nd period - Wrist shot by Nathan MacKinnon.
15:17 of 2nd period - Shot Misses the Net.
16:13 of 2nd period - Wrist shot by J.T. Brown.
16:13 of 2nd period - Stopped by Eric Comrie without a rebound.
16:14 of 2nd period - Nathan MacKinnon wins face-off versus Daultan Leveillé in Monarchs zone.
16:40 of 2nd period - Mark Pysyk is hit by Lane MacDermid.
17:04 of 2nd period - Tommy Vannelli is hit by Curtis Lazar and loses puck.
17:28 of 2nd period - Snap shot by Jimmy Hayes.
17:28 of 2nd period - Stopped by Alex Stalock with a rebound.
18:16 of 2nd period - Tom Wilson is hit by Taylor Aronson and loses puck.
18:33 of 2nd period - Slapshot by Nicolas Deslauriers.
18:33 of 2nd period - Shot Blocked by Spencer Machacek.
18:53 of 2nd period - Snap shot by Joshua Leivo.
18:53 of 2nd period - Stopped by Eric Comrie with a rebound.
19:07 of 2nd period - Wrist shot by Nicolas Deslauriers.
19:07 of 2nd period - Stopped by Alex Stalock with a rebound.
19:56 of 2nd period - Minor Penalty to Tom Wilson for High sticking.
19:57 of 2nd period - Daultan Leveillé wins face-off versus Chris Tierney in Monarchs zone.
Goals for this period are 0 for Demolitions vs 2 for Monarchs .
Shots for this period are 6 for Demolitions vs 8 for Monarchs .

3rd period


0:01 of 3rd period - Chris Tierney wins face-off versus Daultan Leveillé in neutral zone.
0:05 of 3rd period - Minor Penalty to Robert Bortuzzo for Elbowing.
0:06 of 3rd period - Nathan MacKinnon wins face-off versus Spencer Machacek in Demolitions zone.
0:08 of 3rd period - Snap shot by Nathan MacKinnon.
0:08 of 3rd period - Stopped by Alex Stalock with a rebound.
0:16 of 3rd period - Taylor Beck is hit by Mark Pysyk and loses puck.
0:59 of 3rd period - Chris Tierney is hit by Lane MacDermid and loses puck.
1:18 of 3rd period - Slapshot by Griffin Reinhart.
1:18 of 3rd period - Stopped by Alex Stalock with a rebound.
1:20 of 3rd period - Slapshot by Griffin Reinhart.
1:20 of 3rd period - Shot Blocked by Nick Pryor.
1:22 of 3rd period - Snap shot by Jimmy Hayes.
1:22 of 3rd period - Goal by Jimmy Hayes - Demolitions : 4 - Monarchs : 3.
1:23 of 3rd period - Nathan MacKinnon wins face-off versus Spencer Machacek in neutral zone.
1:56 of 3rd period - Penalty to Tom Wilson is over, Tom Wilson is back on ice.
2:05 of 3rd period - Penalty to Robert Bortuzzo is over, Robert Bortuzzo is back on ice.
2:06 of 3rd period - Ryan Pulock is hit by Tom Wilson and loses puck.
2:17 of 3rd period - Snap shot by Nathan MacKinnon.
2:17 of 3rd period - Shot Blocked by Ryan Pulock.
2:19 of 3rd period - Backhand shot by Zach Trotman.
2:19 of 3rd period - Stopped by Alex Stalock with a rebound.
2:21 of 3rd period - Snap shot by Anthony Mantha.
2:21 of 3rd period - Deflect By Tom Wilson.
2:21 of 3rd period - Stopped by Alex Stalock with a rebound.
2:23 of 3rd period - Wrist shot by Nathan MacKinnon.
2:23 of 3rd period - Shot Blocked by Taylor Aronson.
2:33 of 3rd period - Wrist shot by Robert Bortuzzo.
2:33 of 3rd period - Shot Misses the Net.
2:36 of 3rd period - Icing by Griffin Reinhart.
2:37 of 3rd period - Andrej Nestrasil wins face-off versus Nathan MacKinnon in Monarchs zone.
3:01 of 3rd period - Off-side.
3:02 of 3rd period - Daultan Leveillé wins face-off versus Curtis Lazar in neutral zone.
3:11 of 3rd period - Slapshot by Taylor Beck.
3:11 of 3rd period - Shot Misses the Net.
3:33 of 3rd period - Off-side.
3:34 of 3rd period - Chris Tierney wins face-off versus Andrej Nestrasil in neutral zone.
3:45 of 3rd period - Snap shot by Tom Wilson.
3:45 of 3rd period - Stopped by Alex Stalock without a rebound.
3:46 of 3rd period - Luke Witkowski wins face-off versus Daultan Leveillé in Demolitions zone.
3:47 of 3rd period - Slapshot by Aaron Ekblad.
3:47 of 3rd period - Stopped by Alex Stalock with a rebound.
4:11 of 3rd period - Brendan Lemieux is hit by Joshua Leivo and loses puck.
4:20 of 3rd period - Wrist shot by J.T. Brown.
4:20 of 3rd period - Stopped by Eric Comrie with a rebound.
4:34 of 3rd period - Wrist shot by Griffin Reinhart.
4:34 of 3rd period - Goal by Griffin Reinhart - Demolitions : 4 - Monarchs : 4.
4:35 of 3rd period - Nathan MacKinnon wins face-off versus Daultan Leveillé in neutral zone.
4:42 of 3rd period - Off-side.
4:43 of 3rd period - Spencer Machacek wins face-off versus Anthony Mantha in neutral zone.
4:52 of 3rd period - Nathan MacKinnon is hit by Daultan Leveillé and loses puck.
5:13 of 3rd period - Wrist shot by Anthony Mantha.
5:13 of 3rd period - Shot Misses the Net.
5:15 of 3rd period - Wrist shot by Nathan MacKinnon.
5:15 of 3rd period - Shot Hit the Post.
5:17 of 3rd period - Slapshot by Mark Pysyk.
5:17 of 3rd period - Shot Blocked by Robert Bortuzzo.
5:19 of 3rd period - Snap shot by Mark Pysyk.
5:19 of 3rd period - Stopped by Alex Stalock with a rebound.
5:33 of 3rd period - Snap shot by Tim Schaller.
5:33 of 3rd period - Shot Blocked by Wiley Sherman.
5:35 of 3rd period - Snap shot by Aaron Ekblad.
5:35 of 3rd period - Stopped by Alex Stalock with a rebound.
5:43 of 3rd period - Wrist shot by Tim Schaller.
5:43 of 3rd period - Shot Hit the Post.
5:53 of 3rd period - Slapshot by Aaron Ekblad.
5:53 of 3rd period - Stopped by Alex Stalock with a rebound.
5:55 of 3rd period - Backhand shot by Anthony Mantha.
5:55 of 3rd period - Shot Blocked by Robert Bortuzzo.
5:59 of 3rd period - Slapshot by Tim Schaller.
5:59 of 3rd period - Deflect By Nathan MacKinnon.
5:59 of 3rd period - Shot Misses the Net.
5:59 of 3rd period - Puck is out of play.
6:00 of 3rd period - Chris Tierney wins face-off versus Andrej Nestrasil in Demolitions zone.
6:05 of 3rd period - Backhand shot by Chris Tierney.
6:05 of 3rd period - Shot Misses the Net.
6:11 of 3rd period - JT Compher is hit by Taylor Aronson and loses puck.
7:48 of 3rd period - Luke Witkowski is hit by Phil McRae and loses puck.
8:42 of 3rd period - Wrist shot by Tim Schaller.
8:42 of 3rd period - Stopped by Alex Stalock with a rebound.
8:44 of 3rd period - Snap shot by Anthony Mantha.
8:44 of 3rd period - Stopped by Alex Stalock without a rebound.
8:45 of 3rd period - Andrej Nestrasil wins face-off versus Chris Tierney in Demolitions zone.
8:45 of 3rd period - Andrej Nestrasil is hit by Tom Wilson.
8:59 of 3rd period - Slapshot by Dennis Everberg.
8:59 of 3rd period - Stopped by Eric Comrie with a rebound.
9:43 of 3rd period - Wrist shot by Phil Di Giuseppe.
9:43 of 3rd period - Stopped by Eric Comrie without a rebound.
9:44 of 3rd period - JT Compher wins face-off versus Daultan Leveillé in Monarchs zone.
10:51 of 3rd period - Snap shot by Christoph Bertschy.
10:51 of 3rd period - Deflect By Jared Staal.
10:51 of 3rd period - Shot Misses the Net.
10:51 of 3rd period - Puck is out of play.
10:52 of 3rd period - Tim Schaller wins face-off versus Christoph Bertschy in Monarchs zone.
11:03 of 3rd period - Aaron Ekblad is hit by Ryan Pulock and loses puck.
11:12 of 3rd period - Slapshot by Nathan MacKinnon.
11:12 of 3rd period - Shot Misses the Net.
11:14 of 3rd period - Slapshot by Mark Pysyk.
11:14 of 3rd period - Shot Misses the Net.
11:42 of 3rd period - Slapshot by Phil Di Giuseppe.
11:42 of 3rd period - Stopped by Eric Comrie without a rebound.
11:43 of 3rd period - Daultan Leveillé wins face-off versus Chris Tierney in Monarchs zone.
11:56 of 3rd period - Wrist shot by Spencer Machacek.
11:56 of 3rd period - Deflect By Taylor Beck.
11:56 of 3rd period - Shot Misses the Net.
11:56 of 3rd period - Puck is out of play.
11:57 of 3rd period - Luke Witkowski wins face-off versus Andrej Nestrasil in Monarchs zone.
12:24 of 3rd period - Taylor Beck is hit by Chris Tierney and loses puck.
13:02 of 3rd period - Mark Pysyk is hit by Taylor Aronson and loses puck.
13:24 of 3rd period - Minor Penalty to Jared Staal for Hooking.
13:25 of 3rd period - Nathan MacKinnon wins face-off versus Spencer Machacek in Demolitions zone.
14:56 of 3rd period - Griffin Reinhart is hit by Taylor Beck and loses puck.
15:24 of 3rd period - Penalty to Jared Staal is over, Jared Staal is back on ice.
15:28 of 3rd period - Slapshot by Lane MacDermid.
15:28 of 3rd period - Stopped by Eric Comrie without a rebound.
15:29 of 3rd period - Phil McRae wins face-off versus Chase De Leo in Monarchs zone.
16:12 of 3rd period - Wrist shot by Nicolas Deslauriers.
16:12 of 3rd period - Shot Blocked by Wiley Sherman.
16:14 of 3rd period - Slapshot by Morgan Rielly.
16:14 of 3rd period - Stopped by Alex Stalock without a rebound.
16:15 of 3rd period - Andrej Nestrasil wins face-off versus Curtis Lazar in Demolitions zone.
16:30 of 3rd period - Snap shot by Luke Witkowski.
16:30 of 3rd period - Shot Blocked by Tommy Vannelli.
16:52 of 3rd period - Off-side.
16:53 of 3rd period - Daultan Leveillé wins face-off versus Chris Tierney in neutral zone.
17:00 of 3rd period - Snap shot by Spencer Machacek.
17:00 of 3rd period - Goal by Spencer Machacek - Demolitions : 5 - Monarchs : 4.
17:01 of 3rd period - Daultan Leveillé wins face-off versus Luke Witkowski in neutral zone.
17:09 of 3rd period - Minor Penalty to Brendan Lemieux for Hooking.
17:10 of 3rd period - Daultan Leveillé wins face-off versus Chris Tierney in Monarchs zone.
18:58 of 3rd period - Robert Bortuzzo is hit by Nicolas Deslauriers and loses puck.
19:09 of 3rd period - Penalty to Brendan Lemieux is over, Brendan Lemieux is back on ice.
19:30 of 3rd period - Brendan Lemieux is hit by Taylor Beck and loses puck.
19:39 of 3rd period - Monarchs , Eric Comrie is pulled from the net.
19:39 of 3rd period - Snap shot by Anthony Mantha.
19:39 of 3rd period - Stopped by Alex Stalock with a rebound.
19:41 of 3rd period - Slapshot by John Draeger.
19:41 of 3rd period - Shot Misses the Net.
19:55 of 3rd period - Wrist shot by Aaron Palushaj.
19:55 of 3rd period - Goal by Aaron Palushaj - Demolitions : 6 - Monarchs : 4.
19:55 of 3rd period - Eric Comrie from Monarchs was sent back in the game.
19:56 of 3rd period - Aaron Palushaj wins face-off versus Nathan MacKinnon in neutral zone.
Goals for this period are 2 for Demolitions vs 2 for Monarchs .
Shots for this period are 7 for Demolitions vs 15 for Monarchs .